AoeStats
← Zangetsu.exe

Lombardia

508120235Analyzed
4v4 RM · 12d ago on Sep 21, 2026· 40m 22s· 8 players
Game mode
Random Map
Map size
Large (8 player)
Population
200
Speed
Normal
Resources
Standard
Victory
Conquest
Starting age
Dark Age
Ending age
Imperial Age
RankedLock teamsTeams togetherTeam positionsShared explorationLock speedFull tech treeHidden civsTurbo modeCheats
Victory
Defeat
🇧🇷 Persians · Brazil
1237
+16
🇧🇷 Saracens · Brazil
1197
+18
🇧🇷 Britons · Brazil
1196
+18
🇧🇷 Byzantines · Brazil
1155
+19
🇩🇪 Franks · Germany
1301
-20
🇺🇸 Britons · United States
1245
-18
🇦🇺 Turks · Australia
1222
-17
🇨🇱 Saracens · Chile
1187
-16
Peppyzizzle25
9:17 Loom
11:23 Feudal Age
11:53 Double-Bit Axe
12:01 Gold Mining
18:07 Castle Age
17:07 Fletching
18:23 Padded Archer Armor
18:10 Crossbowman
19:50 Bodkin Arrow
21:42 Ballistics
23:09 Leather Archer Armor
24:37 Wheelbarrow
27:20 Bow Saw
28:51 Hand Cart
35:12 Imperial Age
33:26 Horse Collar
35:21 Arbalester
36:14 Bracer
36:45 Ring Archer Armor
41:12 Chemistry
Nahiru
10:46 Feudal Age
14:35 Castle Age
12:56 Double-Bit Axe
15:52 Bow Saw
20:53 Loom
21:43 Wheelbarrow
22:52 Gold Mining
24:24 Gold Shaft Mining
24:12 Hand Cart
25:10 Stone Mining
28:21 Imperial Age
27:14 Forging
27:10 Scale Barding Armor
27:29 Town Watch
28:47 Masonry
29:13 Iron Casting
29:04 Ballistics
30:20 Chemistry
31:37 Blast Furnace
30:58 Chain Barding Armor
31:02 Caravan
30:39 Cavalier
31:21 Husbandry
32:26 Coinage
32:28 Chivalry
32:13 Paladin
34:33 Plate Barding Armor
35:28 Fletching
36:26 Banking
39:05 Bodkin Arrow
QNA | JadoS
11:47 Feudal Age
14:04 Loom
16:48 Castle Age
16:27 Fletching
20:11 Crossbowman
22:47 Double-Bit Axe
25:31 Bodkin Arrow
26:05 Padded Archer Armor
27:18 Ballistics
28:18 Wheelbarrow
29:40 Town Watch
30:34 Gold Mining
30:37 Stone Mining
35:40 Imperial Age
34:43 Leather Archer Armor
35:46 Scale Barding Armor
35:52 Forging
35:48 Arbalester
36:34 Thumb Ring
36:31 Bracer
37:33 Chemistry
37:13 Fortified Wall
36:29 Heavy Camel Rider
38:14 Bloodlines
38:05 Husbandry
40:55 Iron Casting
Jimi
5:40 Loom
11:00 Feudal Age
16:12 Castle Age
14:23 Double-Bit Axe
15:03 Horse Collar
22:59 Wheelbarrow
24:57 Hand Cart
27:58 Town Watch
28:33 Heavy Plow
32:01 Imperial Age
30:42 Gold Mining
31:51 Fletching
32:01 Padded Archer Armor
32:48 Sipahi
32:57 Bow Saw
33:20 Bloodlines
33:11 Husbandry
33:27 Thumb Ring
33:48 Parthian Tactics
32:46 Heavy Cavalry Archer
33:52 Ballistics
34:47 Conscription
34:30 Artillery
35:24 Bodkin Arrow
35:48 Leather Archer Armor
36:21 Gold Shaft Mining
37:45 Bracer
38:17 Ring Archer Armor
39:50 Fortified Wall
39:53 Masonry
39:31 Heavy Camel Rider
40:21 Scale Barding Armor
40:29 Forging
BrUcToR
10:56 Feudal Age
14:27 Castle Age
12:55 Double-Bit Axe
13:19 Horse Collar
14:03 Gold Mining
20:37 Loom
21:40 Wheelbarrow
23:14 Bow Saw
23:16 Heavy Plow
24:21 Hand Cart
25:17 Town Watch
26:36 Scale Barding Armor
29:03 Imperial Age
27:01 Forging
27:12 Husbandry
28:11 Bloodlines
28:24 Chain Barding Armor
28:57 Iron Casting
28:23 Fletching
28:56 Ballistics
28:42 Town Patrol
28:43 Cavalier
30:09 Plate Barding Armor
30:36 Conscription
31:49 Blast Furnace
30:25 Savar
32:11 Blast Furnace
31:23 Fletching
33:59 Gold Shaft Mining
35:04 Stone Mining
Nautilus9
2:04 Loom
11:20 Feudal Age
16:53 Castle Age
15:10 Double-Bit Axe
15:07 Horse Collar
18:44 Wheelbarrow
22:57 Elite Skirmisher
24:16 Fletching
29:22 Bodkin Arrow
29:28 Padded Archer Armor
30:32 Ballistics
30:24 Heavy Plow
30:42 Bow Saw
32:26 Murder Holes
35:17 Leather Archer Armor
40:40 Imperial Age
39:45 Gold Mining
39:45 Stone Mining
Zangetsu.exe
10:31 Feudal Age
15:18 Castle Age
14:36 Double-Bit Axe
16:10 Horse Collar
20:18 Heavy Plow
20:21 Crossbowman
24:11 Bow Saw
24:19 Fletching
25:55 Padded Archer Armor
26:53 Wheelbarrow
27:51 Bodkin Arrow
29:38 Gold Mining
29:38 Stone Mining
32:34 Imperial Age
31:16 Gold Mining
31:46 Leather Archer Armor
31:55 Ballistics
32:51 Arbalester
36:06 Chemistry
36:18 Bracer
36:49 Ring Archer Armor
37:07 Gold Shaft Mining
SAGRADO
11:26 Feudal Age
13:05 Double-Bit Axe
16:08 Castle Age
15:31 Horse Collar
17:41 Bow Saw
26:52 Wheelbarrow
26:23 Gold Mining
30:56 Imperial Age
28:13 Loom
31:13 Heavy Plow
31:02 Elite Mameluke
33:32 Bloodlines
33:23 Husbandry
33:37 Scale Barding Armor
35:36 Gold Shaft Mining
34:51 Stone Mining
35:56 Conscription
38:46 Capped Ram
40:49 Chain Barding Armor
40:40 Forging
40:20 Fletching
40:31 Padded Archer Armor
40:31 Scale Mail Armor
Connection lost

Rejoining the realm…

Still unreachable

The connection could not be restored.

Session expired

The server has moved on; the page needs a fresh start.